 Dungeon Crawl Stone Soup version 0.30.0-29-ga12c61a403 (webtiles) character file.

Game seed: 5704143521272842044

4698 cheesebisquit the Grappler (level 10, 0/150 HPs)
             Began as a Troll Fighter on June 9, 2023.
             Was a Follower of Wu Jian.
             Slain by a vampire (1 damage)
             ... on level 10 of the Dungeon.
             The game lasted 00:21:18 (8221 turns).

cheesebisquit the Grappler (Troll Fighter)          Turns: 8221, Time: 00:21:18

Health: 0/150      AC:  6    Str: 30    XL:     10   Next: 21%
Magic:  9/9        EV:  9    Int: 17    God:    Wu Jian [*.....]
Gold:   712        SH:  9    Dex:  9    Spells: 9/9 levels left

rFire   . . .        j - +10 mace "Baabbaugh" {freeze, Str+4 Int+3 Stlth+}
rCold   + . .        b - +0 kite shield
rNeg    . . .        i - +2 robe {Will+}
rPois   .            (helmet restricted)
rElec   .            (no cloak)
rCorr   .            (gloves unavailable)
SInv    .            (boots unavailable)
Will    +....        a - amulet of the acrobat Stlth
                     m - ring of protection from cold
HPRegen 1.25/turn    r - +6 ring of intelligence
MPRegen 0.11/turn

%: acrobat
@: mighty, berserking (expiring), hasted, very quick
A: large, unfitting armour, claws 3, regeneration 1, shaggy fur 1, tough skin 1
a: Renounce Religion


You were on level 10 of the Dungeon.
You worshipped Wu Jian.
Wu Jian was aware of your devotion.
You visited 2 branches of the dungeon, and saw 11 of its levels.

You collected 712 gold pieces.

Inventory:

Hand Weapons
 j - the +10 mace "Baabbaugh" (weapon) {freeze, Str+4 Int+3 Stlth+}
   (You found it on level 2 of the Dungeon)

   Str:       It affects your strength (+4).
   Int:       It affects your intelligence (+3).
   Stlth:     It makes you more stealthy.
 y - the +0 quarterstaff of Wytadghe {venom, *Rage rN+++ Will- Str+2}
   (You found it on level 4 of the Dungeon)

   Str:       It affects your strength (+2).
   rN:        It renders you almost immune to negative energy.
   *Rage:     It berserks you when you make melee attacks (+20% chance).
   Will:      It decreases your willpower.
 F - a +2 giant spiked club
Missiles
 d - a curare-tipped dart
 x - 8 boomerangs (quivered)
 B - 30 poisoned darts
Armour
 b - a +0 kite shield (worn)
 i - a +2 robe of willpower (worn)
 K - +0 steam dragon scales
Jewellery
 a - an amulet of the acrobat (around neck)
 m - a ring of protection from cold (left claw)
 r - a +6 ring of intelligence (right claw)
 G - a ring of protection from cold
 J - a +6 ring of strength
Wands
 p - a wand of flame (5)
 s - a wand of mindburst (8)
 C - a wand of polymorph (4)
 E - a wand of roots (5)
 I - a wand of acid (13)
Scrolls
 f - a scroll of immolation
 h - a scroll of enchant armour {unknown}
 l - 4 scrolls of poison
 o - 2 scrolls of noise
 q - a scroll of blinking {unknown}
 t - a scroll of acquirement {unknown}
 u - 2 scrolls of magic mapping
 w - a scroll of amnesia
 D - a scroll of vulnerability {unknown}
 L - a scroll of fog
Potions
 k - a potion of lignification {unknown}
 n - 2 potions of brilliance
 v - 3 potions of flight
 z - 3 potions of haste
 A - 2 potions of resistance {unknown}
 H - 3 potions of curing


   Skills:
 + Level 6.7 Fighting
 + Level 2.9 Dodging
 + Level 7.3 Shields
 * Level 10.8 Unarmed Combat


You had 9 spell levels left.
You didn't know any spells.
Your spell library contained the following spells:

 Spells                   Type           Power      Damage    Failure   Level
 Apportation              Tloc           0%         N/A       36%         1
 Magic Dart               Conj           0%         1d3       36%         1
 Call Imp                 Summ           0%         N/A       52%         2
 Cigotuvi's Dreadful Rot  Necr/Pois/Air  0%         N/A       52%         2
 Searing Ray              Conj           0%         2d4       52%         2
 Ignite Poison            Fire/Tmut/Pois 0%         N/A       75%         3
 Mephitic Cloud           Conj/Pois/Air  0%         N/A       75%         3
 Fulminant Prism          Conj/Hex       0%         3d5       98%         4
 Alistair's Intoxication  Tmut/Pois      0%         N/A       100%        5
 Freezing Cloud           Conj/Ice/Air   0%         6-21      100%        5
 Summon Forest            Summ/Tloc      0%         N/A       100%        5
 Eringya's Noxious Bog    Tmut/Pois      0%         N/A       100%        6
 Summon Hydra             Summ           0%         N/A       100%        7


Dungeon Overview and Level Annotations

Branches:
Dungeon (10/15)            Temple (1/1) D:5            Lair (0/5) D:9
    Orc: D:9-12

Altars:
Ashenzari
Cheibriados
Elyvilon
Fedhas
Gozag
Hepliaklqana
Kikubaaqudgha
Makhleb
Nemelex Xobeh
Qazlal
Ru
Sif Muna
Trog
Wu Jian
Xom
Yredelemnul
Zin
The Shining One

Shops:
D:10 !


Innate Abilities, Weirdness & Mutations

You are too large for most types of armour.
You have claws for hands.
Your natural rate of healing is unusually fast.
You are covered in fur. (AC +1)
You have tough skin. (AC +1)


Message History

You sock the wyvern! You freeze the wyvern.
You kill the wyvern!
The Council accepts your kill. The hornet closely misses you.
You closely miss the hornet. The hornet stings you.
You feel yourself slow down.
You sock the hornet! You freeze the hornet.
The hornet is heavily wounded.
You feel yourself speed up.
The hornet stings you but does no damage.
The hornet stings you!
You suddenly lose the ability to move!
The hornet stings you but does no damage.
The hornet stings you.
* * * LOW HITPOINT WARNING * * *
You feel yourself slow down. The hornet stings you!
* * * LOW HITPOINT WARNING * * *
You shrug off the repeated paralysis!
You can move again.
You miss the hornet.
The hornet is heavily wounded.
You feel yourself speed up. The hornet stings you!
* * * LOW HITPOINT WARNING * * *
You feel yourself slow down. You block the hornet's attack.
The hornet barely misses you.
You bludgeon the hornet!! You freeze the hornet.
You kill the hornet!
The Council accepts your kill.
You bludgeon something!! You freeze something.
You feel yourself speed up. Something draws life force from you!
* * * LOW HITPOINT WARNING * * *
Something draws life force from you!
* * * LOW HITPOINT WARNING * * *
You are too berserk!
You barely miss something. Something hits you!
* * * LOW HITPOINT WARNING * * *
Something bites you.
You die...

#...∩...##.#####..#
#.......#..........
#.....##...<.###.##
#...##..###.# #.#
#'''##.## .# #.#
#####.......### # #.#
....................#
#######{#######.##
#@# #.# #.. ####


There were no monsters in sight!

Vanquished Creatures
  A hornet (D:10)
  6 yaks (D:8)
  A shadow (D:10)
  A wraith (D:9)
  A wyvern (D:10)
  3 steam dragons
  An acid dragon (D:9)
  A black bear (D:6)
  4 orc warriors
  An ogre (D:5)
  3 centaurs
  Blork the orc (D:4)
  4 kobold brigands
  A gnoll sergeant (D:9)
  A bullfrog (D:8)
  6 scorpions
  6 killer bees (D:9)
  A howler monkey (D:8)
  A jelly (D:6)
  3 orc priests
  4 hounds
  A gnoll bouda (D:8)
  5 iguanas
  6 orc wizards
  5 adders
  7 gnolls
  2 shadow imps
  An ufetubus (D:6)
  3 worms
  2 dart slugs
  27 orcs
  9 ball pythons
  4 bats
  11 endoplasms
  4 giant cockroaches
  2 goblins
  3 hobgoblins
  7 jackals
  19 kobolds
  2 quokkas
  3 frilled lizards
  6 rats
180 creatures vanquished.

Vanquished Creatures (others)
  A gnoll (D:8)
1 creature vanquished.

Grand Total: 181 creatures vanquished

Notes
Turn   | Place    | Note
-------+----------+-------------------------------------------
     0 | D:1      | cheesebisquit the Troll Fighter began the quest for the
                  | Orb.
     0 | D:1      | Reached XP level 1. HP: 22/22 MP: 0/0
   224 | D:1      | Reached XP level 2. HP: 29/29 MP: 1/1
   934 | D:2      | Reached XP level 3. HP: 36/36 MP: 2/2
  1063 | D:2      | Identified the +10 mace "Baabbaugh" {freeze, Str+4 Int+3
                  | Stlth+}
  1100 | D:2      | Reached skill level 3 in Unarmed Combat
  2155 | D:2      | Reached XP level 4. HP: 25/45 MP: 3/3
  2707 | D:3      | Found a blossoming altar of Fedhas.
  3054 | D:4      | Reached skill level 4 in Unarmed Combat
  3054 | D:4      | Reached XP level 5. HP: 48/53 MP: 4/4
  3161 | D:4      | Reached XP level 6. HP: 51/61 MP: 5/5
  3296 | D:4      | Identified the +0 quarterstaff of Wytadghe {venom, *Rage
                  | rN+++ Will- Str+2}
  3301 | D:4      | Noticed Blork the orc
  3310 | D:4      | Killed Blork the orc
  3311 | D:4      | Reached skill level 5 in Unarmed Combat
  3775 | D:5      | Entered Level 5 of the Dungeon
  3775 | D:5      | Found a glowing golden altar of the Shining One.
  3775 | D:5      | Found a white marble altar of Elyvilon.
  3775 | D:5      | Found a glowing silver altar of Zin.
  3851 | D:5      | Reached XP level 7. HP: 43/70 MP: 6/6
  3914 | D:5      | Found an opulent altar of Gozag.
  3981 | D:5      | Reached skill level 6 in Unarmed Combat
  4044 | D:5      | Found a broken altar of Ashenzari.
  4181 | D:5      | Found a staircase to the Ecumenical Temple.
  4190 | Temple   | Entered the Ecumenical Temple
  4342 | D:5      | Found a bloodstained altar of Trog.
  4697 | D:6      | Reached skill level 5 in Shields
  4697 | D:6      | Reached XP level 8. HP: 47/79 MP: 7/7
  4704 | D:6      | Reached skill level 7 in Unarmed Combat
  4769 | D:6      | Found an ornate altar of the Wu Jian Council.
  4778 | D:6      | Became a worshipper of the Wu Jian Council
  5382 | D:7      | Reached skill level 5 in Fighting
  5667 | D:7      | Reached skill level 8 in Unarmed Combat
  5987 | D:8      | Reached XP level 9. HP: 21/88 MP: 8/8
  6709 | D:8      | Reached skill level 9 in Unarmed Combat
  6731 | D:8      | Reached * piety under Wu Jian
  6992 | D:9      | Found a staircase to the Lair.
  7001 | D:9      | Reached skill level 10 in Unarmed Combat
  7656 | D:9      | Reached XP level 10. HP: 79/100 MP: 9/9
  8083 | D:10     | Entered Level 10 of the Dungeon
  8194 | D:10     | Found Yliudgh's Distillery.
  8197 | D:10     | Paralysed by a hornet for 3 turns
  8215 | D:10     | Paralysed by a hornet for 3 turns
  8221 | D:10     | HP: 1/150 [something (8)]
  8221 | D:10     | Slain by a vampire

Illustrated notes

Levels and vault maps discovered:
D:1:      dpeg_arrival_court, layout_loops_ring, serial_bayou,
          serial_bayou_pond_a, serial_bayou_lagoon_b, serial_bayou_pond_e,
          serial_bayou_pond_d, serial_bayou_pond_d, serial_bayou_shore_b,
          wander_ebering_terrifying_dragon_lair
D:2:      layout_basic
D:3:      layout_loops_ring, mainiacjoe_overflow_alcove_2
D:4:      layout_loops_cross, amethyst_killhole, roderic_roman_lattice,
          uniq_blork_the_orc
D:5:      layout_basic, good_gods_temple_1, lemuel_doored_altar,
          mainiacjoe_overflow_cross_hatched, nicolae_ashenzari_skybound,
          minmay_temple_entry_large_hall
D:6:      layout_rooms, nzn_wu_jian_council_hall
D:7:      layout_loops_cross, hangedman_decor_opposing
D:8:      layout_basic
D:9:      layout_long_grid, lair_entry_dummy, kennysheep_nub,
          minmay_misc_feat_doors, kennysheep_dice
D:10:     layout_loops_ring, nicolae_uskayaw_murder_on_the_dancefloor,
          grunt_dithmenos_shadows, jmf_multi_god_temple, hiddenorc2_lemuel,
          serial_shops, shop, kennysheep_windowed_goal
Temple:   hellmonk_temple_beads

Skill      XL: |  1  2  3  4  5  6  7  8  9 |
---------------+----------------------------+-----
Shields        | 3 4 5 6 7 |  7.3
Unarmed Combat | 3 4 5 6 8 10 | 10.8
Fighting       | 3 4 5 6 |  6.7
Dodging        | |  2.9

Action                     |  1- 3 |  4- 6 |  7- 9 | 10-12 || total
---------------------------+-------+-------+-------+-------++-------
  Melee: Unarmed           |    70 |       |       |       ||    70
         Mace              |    38 |    76 |   246 |    27 ||   387
  Throw: Boomerang         |       |     4 |     8 |     1 ||    13
Ability: Lunge             |       |       |    11 |     2 ||    13
  Evoke: Wand              |       |     1 |       |       ||     1
    Use: Scroll            |       |     6 |     8 |     4 ||    18
         Potion            |       |       |     4 |     5 ||     9
   Stab: Sleeping          |     4 |     4 |     3 |       ||    11
 Armour: Robe              |    28 |    22 |    61 |     7 ||   118
  Dodge: Dodged            |    33 |    19 |   106 |    17 ||   175
  Block: Kite shield       |    45 |    25 |   129 |    14 ||   213
